AoeStats
← alexandrovb27

Black Forest

510364959Analyzed
4v4 RM · 3d ago on Sep 30, 2026· 179m 53s· 8 players
Game mode
Random Map
Map size
Large (8 player)
Population
200
Speed
Normal
Resources
Standard
Victory
Conquest
Starting age
Dark Age
Ending age
Imperial Age
RankedLock teamsTeams togetherTeam positionsShared explorationLock speedFull tech treeHidden civsTurbo modeCheats
Victory
Defeat
🇮🇳 Koreans · India
580
+15
🇮🇳 Inca · India
567
+16
🇮🇳 Sicilians · India
567
+16
🇮🇳 Turks · India
541
+17
🇵🇪 Celts · Peru
601
-18
🇳🇱 Berbers · Netherlands
587
-17
🇫🇷 Poles · France
561
-22
🇨🇦 Burmese · Canada
484
-13
ankitsahoo7815
7:37 Loom
10:43 Feudal Age
12:07 Wheelbarrow
11:50 Double-Bit Axe
17:22 Horse Collar
17:34 Gold Mining
21:35 Castle Age
22:57 Bow Saw
26:35 Stone Mining
27:13 Murder Holes
27:29 Fortified Wall
28:23 Champi Runner
28:32 Pikeman
32:51 Hand Cart
32:53 Forging
32:44 Scale Mail Armor
35:02 Squires
36:13 Caravan
39:12 Imperial Age
36:55 Heavy Plow
37:28 Andean Sling
38:42 Champi Warrior
40:51 Elite Kamayuk
42:54 Fabric Shields
44:21 Ballistics
45:02 Chemistry
46:13 Iron Casting
45:54 Chain Mail Armor
45:54 Thumb Ring
48:38 Heavy Scorpion
48:50 Capped Ram
50:02 Siege Engineers
51:03 Blast Furnace
50:33 Plate Mail Armor
49:54 Fletching
50:05 Padded Archer Armor
53:55 Siege Ram
59:01 Bodkin Arrow
59:21 Leather Archer Armor
76:33 Masonry
109:53 Theocracy
113:47 Devotion
142:57 Coinage
148:46 Crossbowman
149:55 Arbalester
hangover
5:29 Loom
13:42 Feudal Age
14:17 Horse Collar
14:27 Double-Bit Axe
16:50 Wheelbarrow
16:01 Town Watch
20:26 Gold Mining
20:26 Stone Mining
26:17 Castle Age
26:30 Man-at-Arms
27:11 Squires
27:43 Long Swordsman
28:10 Arson
36:40 Heavy Plow
48:24 Imperial Age
47:58 Ballistics
47:49 Masonry
47:50 Fortified Wall
47:37 Murder Holes
48:29 Two-Handed Swordsman
50:09 Capped Ram
52:17 Architecture
51:38 Heated Shot
52:04 Scale Barding Armor
52:10 Forging
52:01 Padded Archer Armor
51:51 Fletching
52:02 Scale Mail Armor
52:27 Elite Janissary
55:09 Siege Ram
55:11 Heavy Scorpion
56:48 Champion
63:58 Chain Mail Armor
64:19 Iron Casting
64:00 Leather Archer Armor
64:06 Chain Barding Armor
63:41 Bodkin Arrow
69:00 Plate Barding Armor
72:10 Caravan
72:41 Coinage
72:24 Town Watch
72:55 Hand Cart
73:19 Plate Mail Armor
86:06 Bracer
86:37 Ring Archer Armor
87:07 Blast Furnace
86:49 Guilds
87:10 Banking
89:03 Bow Saw
88:46 Arrowslits
90:30 Bloodlines
126:37 Conscription
153:21 Heavy Camel Rider
FullestOx956066
12:51 Feudal Age
22:59 Double-Bit Axe
26:48 Castle Age
33:42 Bow Saw
38:36 Horse Collar
39:31 Scale Barding Armor
39:41 Forging
39:49 Husbandry
40:00 Bloodlines
49:59 Chain Barding Armor
50:17 Iron Casting
68:56 Imperial Age
70:06 Cavalier
73:34 Gold Mining
73:52 Heavy Plow
82:22 Plate Barding Armor
82:50 Blast Furnace
114:43 Town Watch
137:32 Heavy Mounted Crossbowman
137:36 Cranequins
150:07 Pikeman
152:17 Halberdier
infinityishan
1:45 Loom
14:01 Feudal Age
15:32 Horse Collar
15:43 Double-Bit Axe
21:22 Wheelbarrow
33:56 Castle Age
32:24 Fletching
34:51 Heavy Plow
35:08 Bow Saw
37:21 Bodkin Arrow
37:28 Scale Mail Armor
37:34 Scale Barding Armor
37:40 Forging
40:08 Gold Mining
42:48 Husbandry
43:35 Gold Shaft Mining
43:26 Chain Barding Armor
43:22 Chain Mail Armor
43:43 Iron Casting
43:29 Elite Skirmisher
44:47 Hand Cart
56:35 Man-at-Arms
57:16 Squires
57:02 Arson
59:53 Imperial Age
59:13 Stone Mining
61:28 Plate Mail Armor
60:59 Bracer
60:23 Cavalier
61:16 Thumb Ring
60:33 Crossbowman
61:15 Arrowslits
62:31 Chemistry
61:43 Fortified Wall
61:29 Murder Holes
61:40 Siege Engineers
61:46 Masonry
64:14 Ballistics
63:46 Heated Shot
67:41 Elite War Wagon
68:22 Eupseong
68:54 Conscription
72:56 Architecture
72:07 Treadmill Crane
80:42 Shinkichon
82:47 Elite Fire Lancer
87:22 Caravan
87:52 Coinage
87:33 Guilds
87:24 Long Swordsman
88:13 Two-Handed Swordsman
89:50 Champion
92:20 Arbalester
93:51 Banking
iNl00K
13:07 Feudal Age
16:28 Man-at-Arms
17:55 Forging
17:51 Scale Mail Armor
18:48 Arson
21:39 Castle Age
20:06 Arson
20:38 Gold Mining
20:39 Horse Collar
22:07 Gambesons
21:58 Long Swordsman
24:42 Scale Mail Armor
24:53 Forging
24:51 Squires
26:50 Chain Mail Armor
33:43 Pikeman
33:54 Pikeman
35:05 Gold Mining
43:28 Imperial Age
41:37 Wheelbarrow
40:47 Loom
40:48 Town Watch
44:58 Two-Handed Swordsman
49:31 Chemistry
48:52 Ballistics
48:44 Masonry
48:18 Champion
50:12 Fortified Wall
53:35 Halberdier
55:40 Howdah
59:41 Elite Arambai
60:22 Manipur Cavalry
75:56 Iron Casting
75:13 Fletching
75:24 Padded Archer Armor
75:31 Scale Barding Armor
76:03 Architecture
75:39 Siege Engineers
75:30 Murder Holes
75:26 Guard Tower
Alfieri83
12:37 Feudal Age
14:54 Wheelbarrow
14:04 Loom
18:58 Castle Age
18:00 Double-Bit Axe
18:02 Horse Collar
20:56 Hand Cart
25:55 Imperial Age
30:43 Heavy Plow
30:55 Bow Saw
36:00 Caravan
37:44 Town Watch
38:37 Scale Barding Armor
38:51 Gold Mining
38:51 Stone Mining
41:18 Husbandry
41:29 Bloodlines
40:39 Light Cavalry
40:40 Heavy Camel Rider
40:41 Cavalier
43:36 Fortified Wall
43:10 Treadmill Crane
43:50 Ballistics
43:41 Masonry
45:05 Chain Barding Armor
47:37 Town Patrol
49:37 Plate Barding Armor
50:25 Gold Shaft Mining
50:26 Stone Shaft Mining
67:47 Fletching
67:59 Padded Archer Armor
69:49 Bodkin Arrow
70:10 Leather Archer Armor
70:21 Conscription
70:36 Hoardings
75:11 Bracer
75:42 Ring Archer Armor
75:23 Forging
75:13 Scale Mail Armor
76:58 Elite Genitour
77:45 Thumb Ring
77:00 Crossbowman
77:01 Elite Skirmisher
77:02 Heavy Cavalry Archer
81:32 Iron Casting
81:13 Chain Mail Armor
82:01 Chemistry
80:57 Murder Holes
81:09 Siege Engineers
81:15 Maghrebi Camels
81:18 Kasbah
80:40 Elite Camel Archer
82:23 Fervor
82:41 Illumination
82:56 Theocracy
84:28 Blast Furnace
83:59 Plate Mail Armor
90:17 Hussar
90:53 Heated Shot
94:13 Herbal Medicine
94:39 Heresy
94:19 Devotion
94:30 Redemption
94:20 Atonement
105:12 Squires
104:33 Pikeman
104:59 Arson
104:34 Man-at-Arms
Danhowser
15:05 Feudal Age
21:04 Wheelbarrow
20:36 Horse Collar
20:45 Double-Bit Axe
20:54 Stone Mining
24:43 Bloodlines
27:58 Castle Age
26:43 Forging
26:26 Gold Mining
28:57 Hand Cart
30:01 Caravan
30:22 Husbandry
30:40 Heavy Plow
32:31 Iron Casting
33:31 Stone Shaft Mining
33:24 Bow Saw
38:21 Imperial Age
37:46 Scale Barding Armor
39:10 Elite Obuch
41:15 Blast Furnace
41:17 Chain Barding Armor
40:59 Scale Mail Armor
41:50 Masonry
43:56 Heavy Mounted Crossbowman
44:02 Elite Genitour
46:19 Chain Mail Armor
47:27 Ballistics
48:08 Chemistry
48:51 Onager
52:09 Crop Rotation
52:39 Szlachta Privileges
67:55 Fletching
68:09 Padded Archer Armor
77:32 Plate Mail Armor
79:28 Bodkin Arrow
79:48 Leather Archer Armor
88:35 Bracer
114:06 Coinage
alexandrovb27
0:33 Loom
13:05 Feudal Age
14:54 Wheelbarrow
14:05 Town Watch
13:52 Man-at-Arms
20:11 Horse Collar
20:45 Double-Bit Axe
25:33 Castle Age
24:32 Stone Mining
24:34 Gold Mining
26:33 Town Patrol
25:57 Long Swordsman
26:22 Gambesons
26:24 Elite Skirmisher
28:45 Light Cavalry
29:26 Husbandry
29:12 Pikeman
31:27 Sanctity
31:31 Sanctity
33:22 Bow Saw
33:17 Heavy Plow
37:07 Stronghold
39:53 Imperial Age
38:43 Gold Shaft Mining
39:01 Stone Shaft Mining
39:29 Hand Cart
39:47 Forging
40:17 Arson
40:18 Crossbowman
41:37 Conscription
42:31 Halberdier
44:14 Hoardings
43:00 Elite Woad Raider
43:10 Elite Woad Raider
45:16 Hoardings
45:58 Heavy Scorpion
48:55 Sappers
49:40 Furor Celtica
52:34 Iron Casting
51:49 Fletching
52:00 Padded Archer Armor
52:00 Scale Mail Armor
52:07 Scale Barding Armor
58:45 Blast Furnace
58:01 Leather Archer Armor
57:41 Bodkin Arrow
58:02 Chain Mail Armor
58:53 Chemistry
58:04 Masonry
58:15 Ballistics
57:47 Heated Shot
57:53 Murder Holes
58:04 Siege Engineers
72:59 Plate Mail Armor
72:59 Ring Archer Armor
72:50 Chain Barding Armor
71:56 Hussar
73:58 Onager
74:05 Onager
81:17 Sappers
91:42 Heresy
94:04 Siege Onager
101:28 Capped Ram
102:14 Siege Ram
108:41 Guilds
119:44 Two-Handed Swordsman
Connection lost

Rejoining the realm…

Still unreachable

The connection could not be restored.

Session expired

The server has moved on; the page needs a fresh start.